 Dungeon Crawl Stone Soup version 0.27.1-33-g824d729ab1 (webtiles) character file.

Game seed: 3974916192641435443

44 growler the Gusty (level 3, -4/19 HPs)
             Began as a Tengu Air Elementalist on Nov 29, 2021.
             Slain by Crazy Yiuf (11 damage)
             ... on level 2 of the Dungeon.
             The game lasted 00:04:46 (1539 turns).

growler the Gusty (Tengu Air Elementalist)          Turns: 1539, Time: 00:04:46

Health: -4/19      AC:  2    Str:  8    XL:     3   Next: 62%
Magic:  5/7        EV: 12    Int: 16    God:
Gold:   90         SH:  0    Dex: 14    Spells: 1/7 levels left

rFire    . . .     SeeInvis .   (no weapon)
rCold    . . .     Faith    .   (no shield)
rNeg     . . .     Spirit   .   a - +0 robe
rPois    .         Reflect  .   (helmet restricted)
rElec    .         Harm     .   (no cloak)
rCorr    .         Rampage  .   (no gloves)
Will     .....                  (boots unavailable)
Stlth    ++........             (no amulet)
HPRegen  0.06/turn              (no ring)
MPRegen  0.10/turn              (no ring)

@: no status effects
A: beak, talons 3
a: no special abilities


You were on level 2 of the Dungeon.
You visited 1 branch of the dungeon, and saw 2 of its levels.

You collected 90 gold pieces.

Inventory:

Armour
 a - a +0 robe (worn)
Scrolls
 b - a scroll of vulnerability {unknown}
 e - 2 scrolls of identify {unknown}
 f - a scroll of immolation {unknown}
 g - a scroll of fog {unknown}
 i - a scroll of amnesia {unknown}
Potions
 c - 2 potions of curing {unknown}
 d - a potion of cancellation {unknown}
 h - a potion of flight {unknown}


   Skills:
 - Level 2.1 Dodging
 - Level 2.0 Stealth
 + Level 2.6 Spellcasting
 + Level 2.8 Conjurations
 + Level 4.8 Air Magic


You had one spell level left.
You knew the following spells:

 Your Spells              Type           Power      Damage    Failure   Level
a - Shock                 Conj/Air       56%        1d6       4%          1
d - Static Discharge      Conj/Air       14%        N/A       6%          2
s - Swiftness             Air            17%        N/A       9%          3

Your spell library contained the following spells:

 Spells                   Type           Power      Damage    Failure   Level
 Summon Small Mammal      Summ           8%         N/A       21%         1
 Airstrike                Air            8%         N/A       26%         4
 Blink                    Tloc           N/A        N/A       30%         2
 Call Canine Familiar     Summ           2%         N/A       52%         3
 Lesser Beckoning         Tloc           1%         N/A       52%         3
 Summon Guardian Golem    Hex/Summ       2%         N/A       52%         3
 Manifold Assault         Tloc           2%         N/A       99%         5


Dungeon Overview and Level Annotations

Branches:
Dungeon (2/15)

Altars:

Annotations:
D:2 Crazy Yiuf


Innate Abilities, Weirdness & Mutations

You have a beak for a mouth.
You have claws for feet.


Message History

Things that are here:
a +0 dagger; a goblin corpse
There is a shaft here.
A quokka comes into view.
Aim: a quokka (asleep, 100% to hit)
The zap hits the quokka.
Aim: a quokka (heavily wounded, 60% to hit)
The zap hits the quokka.
You kill the quokka!
Found a mace.
There is an open door here.
Found a mace.
Crazy Yiuf shouts!
You open the door.
A ball python comes into view.
Found a scroll labelled EVUACW CUDISCHEDEY.
Aim: a ball python (68% to hit)
The zap hits the ball python.
You kill the ball python!
There is an open door here.
i - a scroll labelled EVUACW CUDISCHEDEY You open the door.
You open the door.
There is an open door here.
There is an open door here.
A goblin comes into view. It is wielding a +0 dagger.
The zap hits the goblin.
You kill the goblin!
Found a stone staircase leading up.
Things that are here:
a +0 dagger; a goblin corpse
There is an open door here.
Found a book of Spatial Translocations.
You pick up a book of Spatial Translocations and begin reading...
You add the spells Blink, Lesser Beckoning and Manifold Assault to your library.
Crazy Yiuf shouts!
You open the door.
Crazy Yiuf says, "Crazy?
Crazy!?
PORCUPINE!"
Crazy Yiuf yells, "Paint hand mumblescurry!"
Crazy Yiuf whimpers, "Aardvark snockshim childish!"
The zap hits Crazy Yiuf.
The zap misses Crazy Yiuf.
Crazy Yiuf hits you with a +3 quarterstaff of chaos!
Crazy Yiuf freezes you.
* * * LOW HITPOINT WARNING * * *
The zap hits Crazy Yiuf.
The zap hits Crazy Yiuf but does no damage.
Crazy Yiuf says, "Leather!"
Crazy Yiuf hits you with a +3 quarterstaff of chaos!
Ouch! That really hurt!
You die...

########....################
#..........(................
#.#####.......##############
#.#...'.......# ##
#.#.#.#.......# #.
#.#.#.+.......# #.
#.#.#.#.......#############.
#.#.#........>..............
#.#.#.#....@.#####.....####.
#.#.#...#.#g.# ##..##.####.
#.#.#####.#..# #...........
#............####...........
############....#..........#
#...............'..........#
##.#########....###.........
#.# #....# #........#
###'#### ♣♣...♣ #........#


You could see Crazy Yiuf.

Vanquished Creatures
  An adder (D:2)
  An endoplasm (D:1)
  7 goblins
  2 hobgoblins (D:1)
  4 jackals (D:1)
  2 kobolds (D:1)
  A quokka (D:2)
  5 ball pythons
  4 bats
  3 frilled lizards
  2 rats (D:1)
32 creatures vanquished.

Notes
Turn   | Place    | Note
-------+----------+-------------------------------------------
     0 | D:1      | growler the Tengu Air Elementalist began the quest for the
                  | Orb.
     0 | D:1      | Reached XP level 1. HP: 10/10 MP: 4/4
   253 | D:1      | Reached XP level 2. HP: 15/15 MP: 4/6
   256 | D:1      | Learned a level 2 spell: Static Discharge
   541 | D:1      | Found a faded altar of an unknown god.
   718 | D:2      | Reached XP level 3. HP: 19/19 MP: 5/7
   722 | D:2      | Learned a level 3 spell: Swiftness
  1365 | D:2      | Found a runed translucent door.
  1366 | D:2      | Noticed Crazy Yiuf
  1539 | D:2      | Slain by Crazy Yiuf

Illustrated notes

Levels and vault maps discovered:
D:1:      sevenhm_arrival_forest_fort_small_4, layout_rooms,
          hellmonk_ecumenical_altar_dog_temple, minmay_pentomino_p2
D:2:      layout_basic, uniq_crazy_yiuf_cottage

Skill      XL: |  1  2 |
---------------+-------+-----
Conjurations   | 2 |  2.8
Dodging        | |  2.1
Stealth        | |  2.0
Spellcasting   | |  2.6
Air Magic      | |  4.8

Action                   || total
-------------------------++-------
Melee: Unarmed           ||     6
       Peck              ||     1
 Cast: Shock             ||    58
Armor: Robe              ||     6
Dodge: Dodged            ||    22
